 Dungeon Crawl Stone Soup version 0.27-a0-1579-g97d2440184 (webtiles) character file.

Game seed: 6899263610953469125

340 MovingMist the Skirmisher (level 6, -13/39 HPs)
             Began as a Gargoyle Fighter on July 17, 2021.
             Was an Initiate of Okawaru.
             Killed from afar by a steam dragon (19 damage)
             ... with a ball of steam
             ... on level 4 of the Dungeon.
             The game lasted 00:06:53 (4040 turns).

MovingMist the Skirmisher (Gargoyle Fighter)        Turns: 4040, Time: 00:06:54

Health: -13/39     AC: 16    Str: 19    XL:     6   Next: 56%
Magic:  6/6        EV:  4    Int:  9    God:    Okawaru [......]
Gold:   101        SH:  9    Dex: 17    Spells: 5/5 levels left

rFire    . . .     SeeInvis .   p - +2 hand axe (vorpal)
rCold    . . .     Faith    .   c - +0 kite shield
rNeg     + . .     Spirit   .   h - +0 plate armour
rPois    ∞         Reflect  .   (no helmet)
rElec    +         Harm     .   (no cloak)
rCorr    .         Rampage  .   (no gloves)
Will     .....                  (no boots)
Stlth    ..........             (no amulet)
HPRegen  0.13/turn              o - +6 ring of dexterity
MPRegen  0.10/turn              (no ring)

@: no status effects
A: sickness immunity, AC +4, negative energy resistance 1, electricity
resistance, torment resistance 1, petrification resistance
a: Renounce Religion


You were on level 4 of the Dungeon.
You worshipped Okawaru.
Okawaru was noncommittal.
You visited 2 branches of the dungeon, and saw 5 of its levels.

You collected 101 gold pieces.

Inventory:

Hand Weapons
 p - a +2 vorpal hand axe (weapon)
Armour
 c - a +0 kite shield (worn)
 h - a +0 plate armour (worn)
Jewellery
 a - a ring of fire
 f - an amulet of the acrobat
 o - a +6 ring of dexterity (left hand)
Scrolls
 b - a scroll of torment
 g - a scroll of noise {unknown}
 j - a scroll of teleportation {unknown}
 k - 2 scrolls of fog
 l - 2 scrolls of identify
 m - a scroll of enchant armour {unknown}
 n - a scroll of immolation {unknown}
Potions
 d - 5 potions of might
 e - a potion of curing {unknown}
 i - a potion of heal wounds


   Skills:
 + Level 4.5 Fighting
 + Level 3.4 Maces & Flails
 + Level 4.5 Armour
 * Level 3.1 Dodging
 - Level 3.2 Shields


You had 5 spell levels left.
You didn't know any spells.
Your spell library contained the following spells:

 Spells                   Type           Power      Damage    Failure   Level
 Animate Dead             Necr           0%         N/A       100%        4
 Borgnjor's Vile Clutch   Necr/Erth      0%         N/A       100%        5
 Death Channel            Necr           0%         N/A       100%        6
 Haunt                    Necr/Summ      0%         N/A       100%        7
 Infestation              Necr           0%         N/A       100%        8


Dungeon Overview and Level Annotations

Branches:
Dungeon (4/15)             Temple (1/1) D:4

Altars:
Ashenzari
Cheibriados
Dithmenos
Fedhas
Gozag
Hepliaklqana
Makhleb
Nemelex Xobeh
Okawaru
Qazlal
Ru
Sif Muna
Uskayaw
Vehumet
Wu Jian
Xom
Zin
The Shining One

Shops:
D:1 [


Innate Abilities, Weirdness & Mutations

You are immune to sickness and miasma.
Your stone body is resilient. (AC +4)
You are immune to poison.
You resist negative energy. (rN+)
You are resistant to electric shocks. (rElec)
You are resistant to unholy torment.
You are immune to petrification.


Message History

The steam dragon breathes steam at you. The ball of steam hits you!
You hear a shout!
No target in view!
No target in view!
Unknown command.
You are engulfed in a cloud of scalding steam.
The steam dragon bites you but does no damage.
The steam dragon claws you.
You hit the steam dragon.
The steam dragon is lightly wounded.
The steam dragon bites you but does no damage.
The steam dragon claws you. The steam dragon breathes steam at you.
The ball of steam hits you!!
Ouch! That really hurt!
* * * LOW HITPOINT WARNING * * *
You hear a shout! x3
You feel much better. The steam dragon bites you.
The steam dragon claws you but does no damage.
Your plate armour prevents you from hitting the steam dragon.
The steam dragon is lightly wounded.
You are engulfed in a cloud of scalding steam.
You block the steam dragon's attack. The steam dragon claws you.
You hit the steam dragon.
The steam dragon is moderately wounded.
You block the steam dragon's attack. The steam dragon barely misses you.
The steam dragon bites you! The steam dragon claws you.
* * * LOW HITPOINT WARNING * * *
You hit the steam dragon.
The steam dragon is heavily wounded.
The steam dragon bites you.
* * * LOW HITPOINT WARNING * * *
The steam dragon claws you but does no damage.
The steam dragon breathes steam at you.
The ball of steam hits you but does no damage.
You hear a shout!
The steam dragon breathes steam at you. The ball of steam hits you!!
You die...

#.#........## #...........#
###...........########
...#........#........
######.#...>....#.....# #
#...##...........§....###'#
#...##..........§D.........
+....).#.......§##.........
#...#####..##.@###.........
#...# #.####.# #.........
#...# #.# #..............
#...# #.# #..............
###...# #.# #..............
....### #.# #..^.......####
....# #.# #.........##
....# #.# #......#### ..(.#
#......


There were no monsters in sight!

Vanquished Creatures
  A scorpion (D:3)
  3 hounds (D:4)
  An iguana (D:4)
  5 adders
  A worm (D:2)
  A dart slug (D:1)
  8 orcs
  5 ball pythons
  11 bats
  8 endoplasms
  4 giant cockroaches
  4 goblins
  6 hobgoblins
  19 jackals
  A quokka (D:3)
  2 frilled lizards (D:1)
  11 kobolds
  A quokka skeleton (D:4)
  5 rats
  A spectral kobold (D:2)
98 creatures vanquished.

Notes
Turn   | Place    | Note
-------+----------+-------------------------------------------
     0 | D:1      | MovingMist the Gargoyle Fighter began the quest for the
                  | Orb.
     0 | D:1      | Reached XP level 1. HP: 14/14 MP: 1/1
   469 | D:1      | Reached XP level 2. HP: 19/19 MP: 2/2
   878 | D:1      | Found Jadoqixu's Antique Armour Boutique.
  1023 | D:1      | Reached skill level 1 in Dodging
  1238 | D:2      | Reached XP level 3. HP: 23/23 MP: 3/3
  1889 | D:2      | Found a faded altar of an unknown god.
  1948 | D:2      | Reached XP level 4. HP: 26/29 MP: 4/4
  2330 | D:3      | Noticed a scorpion
  2336 | D:3      | Killed a scorpion
  2337 | D:3      | Reached XP level 5. HP: 33/33 MP: 5/5
  3179 | D:4      | Found a staircase to the Ecumenical Temple.
  3207 | Temple   | Entered the Ecumenical Temple
  3456 | Temple   | Became a worshipper of Warmaster Okawaru
  3638 | D:4      | Reached XP level 6. HP: 33/39 MP: 6/6
  4024 | D:4      | Noticed a steam dragon
  4030 | D:4      | HP: 1/39 [steam dragon/ball of steam (20)]
  4040 | D:4      | Killed from afar by a steam dragon

Illustrated notes

Levels and vault maps discovered:
D:1:      minmay_arrival_cross, layout_rooms, serial_shops, shop_fountains,
          serial_co_window_serial, co_window_paths_a, co_window_corner_a,
          co_window_paths_a, co_window_paths_b, co_window_paths_a,
          co_window_broadway_b, co_window_2corner, co_window_2corner,
          co_window_of_opportunity_b, co_window_corner_b, co_window_corner_cb,
          co_window_cross_3, co_window_paths_e, glass_columns_a,
          glass_columns_a, glass_columns_a, glass_columns_a, glass_columns_a
D:2:      layout_loops_cross, dreamdust_ecumenical_altar_drowned_temple
D:3:      layout_rooms, roderic_batcave, minmay_misc_feat_rows
D:4:      layout_basic, yredelemnul_altar_generic, trog_hazing_becter,
          minmay_temple_entry_slanted, st_stairs_5
Temple:   dpeg_five_rooms_temple

Skill      XL: |  1  2  3  4  5  6 |
---------------+-------------------+-----
Dodging        | 1 2 3 |  3.1
Fighting       | 4 |  4.5
Armour         | 4 |  4.5
Maces & Flails | 3 |  3.4
Shields        | |  3.2

Action                   |  1- 3 |  4- 6 || total
-------------------------+-------+-------++-------
Melee: Flail             |   147 |   213 ||   360
       Hand axe          |       |     5 ||     5
  Use: Scroll            |       |     3 ||     3
       Potion            |       |     2 ||     2
Armor: Scale mail        |    35 |       ||    35
       Plate armour      |    67 |   235 ||   302
Dodge: Dodged            |    40 |    48 ||    88
Block: Kite shield       |    93 |   149 ||   242

Table legend: (Time is in decaauts)
 A = Elapsed time spent in this place.
 B = Non-inter-level travel time spent in this place.
 C = Inter-level travel time spent in this place.
 D = Time resting spent in this place.
 E = Time spent auto-exploring this place.
 F = Levels seen in this place.
 G = Mean time per level.
                   A        B        C        D        E       F      G
               +--------+--------+--------+--------+--------+-----+--------+
         Total |   4226 |   3970 |    256 |    638 |   2404 |   5 |  845.2 |
       Dungeon |   3945 |   3748 |    197 |    638 |   2201 |   4 |  986.2 |
        Temple |    280 |    221 |     59 |      0 |    203 |   1 |  280.0 |
               +--------+--------+--------+--------+--------+-----+--------+

Top non-repeatable levels by time:
     D:1: 1301 daAuts
     D:2: 1101 daAuts
     D:3: 920 daAuts
     D:4: 622 daAuts
  Temple: 280 daAuts
